[Event "4NCL 2nd Div 2023-24"]
[Site "Daventry"]
[Date "2024.05.06"]
[Round "11.3"]
[White "Li, Henry"]
[Black "Hill, Alistair"]
[Result "0-1"]
[ECO "B22"]
[WhiteElo "2288"]
[BlackElo "2122"]
[Annotator "TA"]
[PlyCount "108"]
[EventDate "2023.11.11"]
[EventType "team-tourn"]
[EventCountry "ENG"]
[SourceTitle "playchess.com"]
[Source "ChessBase"]
[SourceQuality "1"]
[TimeControl "40/6000+30:3000+30"]

1. e4 c6 2. c4 d5 3. cxd5 cxd5 4. exd5 Nf6 5. Nc3 Nxd5 6. d4 Nc6 7. Bc4 Nb6 8. Bb5 Bd7 9. Nf3 e6 10. O-O Be7 11. Re1 O-O 12. a3 Nd5 13. Ne4 (13. Bc4 $14) 13... Nf6 14. Bd3 Nxe4 15. Bxe4 Bf6 16. Bf4 Qb6 17. Be5 (17. Re3 $16) 17... Be7 18. Re3 f5 19. Bc2 Nxe5 20. Nxe5 Rad8 21. Rb3 Qc7 22. Rc1 {[%emt 0:00:42][%cal Oc2f5] aiming for Bxf5!} Bg5 23. Rc3 Qd6 24. Ra1 Bf6 25. f4 (25. Bb3 $11) 25... Bc6 $15 26. Bb3 Bd5 (26... Qxd4+ $2 27. Qxd4 Rxd4 28. Bxe6+ $18) 27. Rd3 {[%emt 0:00:39] [#]} (27. Kh1 $15) 27... Qb6 (27... Be4 $1 $17 28. Rc3 g5 (28... Qxd4+ $2 29. Qxd4 Rxd4 30. Bxe6+ $18)) 28. Rc1 $1 Bxe5 29. fxe5 Rf7 30. Bxd5 Rxd5 31. Qb3 Rc7 (31... Rxd4 $2 32. Qxb6 axb6 33. Rc8+ (33. Rxd4 g5 $18) 33... Rf8 34. Rxf8+ (34. Rxd4 Rxc8 35. b4 b5 $11) 34... Kxf8 35. Rxd4 $18) 32. Rxc7 Qxc7 $11 {[%emt 0:00:02][%mdl 4096] Endgame. KQR-KQR} 33. Rc3 Qd7 34. Qc4 h6 35. Qc8+ Kh7 36. Qxd7 Rxd7 {[%emt 0:00:03] KR-KR} 37. Rc4 b5 38. Rb4 Rd5 39. a4 a6 40. Kf2 Kg6 {[%emt 0:00:24] [#]} (40... a5 41. Rxb5 Rxd4 42. Rxa5) (40... bxa4 $11 {remains equal.} 41. Rxa4 a5) 41. Ke3 (41. axb5 $1 $16 axb5 42. Ke3) 41... Kf7 (41... a5 $2 42. Rxb5 Rd8 43. Rxa5 $18) 42. Rb3 Ke7 43. Rc3 bxa4 44. Rc7+ ({White should try} 44. Kd3 $1 $11) 44... Rd7 $15 45. Rc6 Rb7 46. d5 $2 {[%emt 0:00:00] Loses the game.} (46. Rxa6 $17 Rb3+ (46... Rxb2 47. Ra7+ Kf8 48. Ra8+ Ke7 49. Ra7+ Kf8 50. Rxa4 $11) 47. Ke2) 46... exd5 $19 (46... Rxb2 47. Rxe6+ (47. dxe6 $2 {too greedy.} a5 $19) 47... Kd8 48. Rxa6 $11) 47. Kd4 Rxb2 48. Rxa6 Rd2+ 49. Kc5 Rxg2 {[%emt 0:00:08] Threatens to win with ...Rd2.} 50. h4 Rd2 {[%emt 0:02:56] And now ...f4 would win.} 51. h5 f4 52. Rxa4 f3 53. Rf4 f2 {[%emt 0:00:06] ( -> ...Ke6)} 54. Rf3 Ke6 {[%emt 0:00:07] Weighted Error Value: White=0.59/Black=0.15 (very precise) .  Loses game:     	White=1     	---        Mistake:       	White=6     	Black=2      Inaccurate:     	White=7     	Black=8      OK:         	White=10    	Black=13     Best:        	White=2     	Black=4      Strong:       	White=1     	---} 0-1

[Event "4NCL 2nd Div 2023-24"]
[Site "Daventry"]
[Date "2024.05.06"]
[Round "11.4"]
[White "Sivanandan, Bodhana"]
[Black "Thorarinsson, Pall A."]
[Result "1/2-1/2"]
[ECO "B40"]
[WhiteElo "2065"]
[BlackElo "2160"]
[Annotator "RC"]
[PlyCount "167"]
[EventDate "2023.11.11"]
[EventType "team-tourn"]
[EventCountry "ENG"]
[SourceTitle "playchess.com"]
[Source "ChessBase"]
[SourceQuality "1"]
[TimeControl "40/6000+30:3000+30"]

1. e4 c5 2. Nf3 e6 3. g3 a6 4. Bg2 b5 5. O-O Bb7 6. Re1 Nf6 7. e5 Nd5 8. d3 d6 9. Nc3 Nxc3 10. bxc3 Nd7 11. Bf4 dxe5 12. Nxe5 Bxg2 13. Kxg2 Nxe5 14. Bxe5 Qd5+ 15. Qf3 Qxf3+ 16. Kxf3 Kd7 17. Rab1 f6 18. Bf4 g5 19. Be3 Bd6 20. Red1 h5 21. h3 Rag8 22. a4 g4+ 23. hxg4 hxg4+ 24. Kg2 Kc6 25. axb5+ axb5 26. Ra1 Ra8 27. Rh1 Rxa1 28. Rxa1 Kb7 29. c4 bxc4 30. dxc4 f5 31. Rd1 Kc6 32. Ra1 Rb8 33. Ra6+ Rb6 34. Rxb6+ Kxb6 35. Bd2 e5 36. Kf1 Kc6 37. Ke2 Kd7 38. Ke3 Ke6 39. Bc3 Be7 40. Bb2 Bg5+ 41. Kd3 Kd6 42. Ke2 Ke6 43. Kd3 Be7 44. Ke3 Bd6 45. Kd3 Bc7 46. Bc3 Bb6 47. Ke3 Bd8 48. Kd3 Bg5 49. Bb2 Bh6 50. Ba3 Kd6 51. Bb2 Bg5 52. Ke2 Bf6 53. Ke3 Ke6 54. Ba3 Kd6 55. Bb2 Bg7 56. Ke2 Bh6 57. Kd3 Bg5 58. Ke2 Bh6 59. Kd3 e4+ 60. Ke2 Ke6 61. Ba3 Kd6 62. Bb2 Bg5 63. Bc3 Ke6 64. Bb2 f4 65. gxf4 Bxf4 66. Ba3 Bd6 67. Ke3 Kf5 68. Ke2 Be7 69. Ke3 Bd6 70. Ke2 Kf4 71. Bc1+ Kf5 72. Ba3 Be7 73. Ke3 Bg5+ 74. Ke2 Be7 75. Ke3 Bd6 76. Ke2 Ke6 77. Ke3 Kf5 78. Ke2 Be7 79. Ke3 Bg5+ 80. Ke2 Be7 81. Ke3 Bg5+ 82. Ke2 Be7 83. Ke3 Bg5+ 84. Ke2 1/2-1/2

[Event "4NCL 2nd Div 2023-24"]
[Site "Daventry"]
[Date "2024.05.06"]
[Round "11.5"]
[White "Freeman, Gordon"]
[Black "Alldritt, Nigel R E"]
[Result "1-0"]
[ECO "D78"]
[WhiteElo "2062"]
[BlackElo "1983"]
[Annotator "NA RC"]
[PlyCount "94"]
[EventDate "2023.11.11"]
[EventType "team-tourn"]
[EventCountry "ENG"]
[SourceTitle "playchess.com"]
[Source "ChessBase"]
[SourceQuality "1"]
[TimeControl "40/6000+30:3000+30"]

1. d4 Nf6 2. Nf3 g6 3. g3 Bg7 4. Bg2 O-O 5. O-O d5 6. c4 c6 7. Qb3 Qb6 8. Nc3 Bf5 9. Qxb6 axb6 10. cxd5 cxd5 11. Bf4 Nc6 12. Rfd1 Rfc8 13. Ne5 Be6 14. e3 h6 $14 15. h4 Kf8 16. Nd3 Bg4 17. f3 Be6 18. g4 Ne8 19. Rdc1 f6 20. Bg3 Bf7 21. f4 Rd8 22. f5 g5 23. Nb5 Rd7 24. Bf3 e5 25. fxe6 Bxe6 26. Rf1 Kg8 27. Rf2 Bf8 28. hxg5 hxg5 29. b3 Kg7 30. Rc1 Be7 31. Kg2 Bf7 32. Nc3 Ba3 33. Rd1 Bf8 34. Na4 Ra6 35. Be2 Rd8 36. Nc1 Ra5 37. Nxb6 Bd6 38. Bf3 Bxg3 39. Kxg3 Rb5 40. Na4 Ra5 41. Nd3 Ne7 42. Rdf1 Rd6 43. Ndc5 Ra7 44. Nc3 Rb6 45. Be2 Ng8 46. Bd3 Bg6 47. Bxg6 Kxg6 1-0

[Event "4NCL 2nd Div 2023-24"]
[Site "Daventry"]
[Date "2024.05.06"]
[Round "11.6"]
[White "Subramanian, Anusha"]
[Black "Bourached, Anthony"]
[Result "1-0"]
[ECO "E61"]
[WhiteElo "2034"]
[BlackElo "1977"]
[Annotator "NA RC"]
[PlyCount "67"]
[EventDate "2023.11.11"]
[EventType "team-tourn"]
[EventCountry "ENG"]
[SourceTitle "playchess.com"]
[Source "ChessBase"]
[SourceQuality "1"]
[TimeControl "40/6000+30:3000+30"]

1. c4 c5 2. Nc3 Nc6 3. Nf3 g6 4. e3 Bg7 5. d4 d6 6. Be2 Nf6 7. O-O O-O 8. a3 Bf5 9. Nh4 Ne4 10. Nxf5 gxf5 11. Bd3 Nxc3 12. bxc3 e6 13. Rb1 b6 14. f4 Rc8 15. Rf3 cxd4 16. cxd4 Na5 17. Qe2 d5 18. cxd5 Qxd5 19. Rh3 Nc4 20. a4 Nd6 21. Ba3 Rc7 22. g4 Rfc8 23. g5 Nc4 24. Bxc4 Rxc4 25. Qh5 h6 26. gxh6 Bxd4 27. Rg3+ Kh8 28. Qxf7 Bxe3+ 29. Rxe3 Rg8+ 30. Rg3 Qd4+ 31. Kg2 Rc2+ 32. Kh3 Rxh2+ 33. Kxh2 Qf2+ 34. Kh1 1-0

[Event "4NCL 2nd Div 2023-24"]
[Site "Daventry"]
[Date "2024.05.06"]
[Round "11.7"]
[White "Putar, Lara"]
[Black "Starley, Robert"]
[Result "0-1"]
[ECO "E02"]
[WhiteElo "1982"]
[BlackElo "2024"]
[Annotator "NA RC"]
[PlyCount "76"]
[EventDate "2023.11.11"]
[EventType "team-tourn"]
[EventCountry "ENG"]
[SourceTitle "playchess.com"]
[Source "ChessBase"]
[SourceQuality "1"]
[TimeControl "40/6000+30:3000+30"]

1. d4 Nf6 2. c4 e6 3. Nf3 d5 4. g3 Be7 5. Bg2 O-O 6. O-O dxc4 7. Qa4 Bd7 8. Qxc4 Bc6 9. Nc3 Nbd7 10. Qd3 {[%emt 0:04:18] The main line 10.Qd3 scores better than 10.Rd1.} Re8 {[%emt 0:02:21] E02: Open Catalan: 5 Qa4+.} 11. Bf4 $146 ({Predecessor:} 11. Rd1 Nf8 12. e4 Ng6 13. a3 e5 14. Qc2 Qc8 15. b4 Bd6 16. Bg5 Qg4 17. Bxf6 gxf6 18. b5 Bd7 19. Nd5 Kg7 20. dxe5 Nxe5 21. a4 Rac8 22. Ne3 Qh5 23. Nf5+ Bxf5 {½-½ Fominyh,A (2265)-Yeap,E (2114) Penang op-A 14th 2022 (7)}) 11... Bb4 12. Rac1 Nb6 13. Ne5 Bxg2 14. Kxg2 Bxc3 15. Qxc3 Nbd5 16. Qf3 Nxf4+ 17. Qxf4 c6 18. Rc5 Qe7 19. Rfc1 Red8 20. e3 Nd7 21. Nxd7 Rxd7 22. b4 Rad8 23. h4 h6 24. a3 a6 25. Rh5 f5 26. g4 Qf7 27. Qf3 $17 Qg6 28. Kh3 Rd5 29. g5 f4 30. Qg4 fxe3 31. fxe3 R8d7 32. Rg1 Rf7 33. Rg2 Rdf5 34. Kh2 Kh8 35. Qe2 Rf3 36. gxh6 Qxh5 37. hxg7+ Rxg7 38. Rxg7 Kxg7 0-1

[Event "4NCL 2nd Div 2023-24"]
[Site "Daventry"]
[Date "2024.05.06"]
[Round "11.9"]
[White "Taylor, Martin R"]
[Black "Taylor, Adam A"]
[Result "1/2-1/2"]
[ECO "E32"]
[WhiteElo "2366"]
[BlackElo "2272"]
[Annotator "TA"]
[PlyCount "85"]
[EventDate "2023.11.11"]
[EventType "team-tourn"]
[EventCountry "ENG"]
[SourceTitle "playchess.com"]
[Source "ChessBase"]
[SourceQuality "1"]
[TimeControl "40/6000+30:3000+30"]

1. d4 Nf6 2. c4 e6 3. Nc3 Bb4 4. Qc2 O-O 5. a3 Bxc3+ 6. Qxc3 d6 7. f3 c5 8. dxc5 dxc5 9. Bg5 Nc6 10. e3 e5 11. Ne2 h6 12. Rd1 Qe7 13. Bxf6 Qxf6 14. Ng3 Qe7 15. Bd3 f5 16. O-O Be6 17. Bc2 Qc7 18. Rd2 g6 19. Rfd1 Rad8 20. Ne2 Rxd2 21. Rxd2 Rd8 22. Rxd8+ Qxd8 23. Ba4 Qd6 24. Bxc6 Qxc6 $14 {[%emt 0:00:17][%mdl 4096] Endgame. KQB-KQN} 25. b3 ({White should try} 25. Qxe5 $16 {Hoping for b3.} Bxc4 26. Nf4) 25... Qd6 $11 {[%emt 0:00:52] The position is equal.} 26. Nc1 e4 27. fxe4 fxe4 28. Qf6 Qd1+ $1 29. Kf2 Bf7 30. Qc3 a6 31. a4 h5 32. Ne2 h4 {[%emt 0:00:13] Prevents Ng3.} 33. h3 Qd6 34. Ke1 g5 35. Qd2 Qxd2+ 36. Kxd2 {[%emt 0:00:01] KB-KN} Bg6 37. a5 {[%emt 0:01:09] [#] Black must now prevent Nc3.} Kf7 38. Nc3 {[%emt 0:00:34] Strongly threatening Na4.} Ke6 39. Nd1 Kd6 40. Kc3 b6 41. axb6 Kc6 42. Kb2 Kxb6 43. Nf2 {[%emt 0:00:00] Weighted Error Value: White=0.04 (flawless) /Black=0.04 (flawless) .  Mistake:       	White=1     	---        Inaccurate:     	---       	Black=2      OK:         	White=18    	Black=21     Best:        	White=1     	Black=1      Strong:       	---       	Black=1} 1/2-1/2

[Event "4NCL 2nd Div 2023-24"]
[Site "Daventry"]
[Date "2024.05.06"]
[Round "11.10"]
[White "Wilks, Simon"]
[Black "Merry, Alan B"]
[Result "1/2-1/2"]
[ECO "B19"]
[WhiteElo "2031"]
[BlackElo "2439"]
[Annotator "TA"]
[PlyCount "144"]
[EventDate "2023.11.11"]
[EventType "team-tourn"]
[EventCountry "ENG"]
[SourceTitle "playchess.com"]
[Source "ChessBase"]
[SourceQuality "1"]
[TimeControl "40/6000+30:3000+30"]

1. e4 c6 2. d4 d5 3. Nc3 dxe4 4. Nxe4 Bf5 5. Ng3 Bg6 6. h4 h6 7. Nf3 Nd7 8. h5 Bh7 9. Bd3 Ngf6 10. Bxh7 Nxh7 11. Qd3 {[%emt 0:08:40] B19: Classical Caro-Kann: 4...Bf5 main line.} e6 12. Bd2 Ndf6 13. O-O-O Be7 14. Kb1 O-O 15. Ne4 Nxe4 16. Qxe4 Qd5 17. Qe2 c5 18. dxc5 $146 ({Predecessor:} 18. Be3 c4 19. Ne5 Rfc8 20. g4 a5 21. f4 a4 22. a3 c3 23. g5 Ra6 24. gxh6 {½-½ Martin,S (2050)-Misericordia,A (2316) OP-2021-0-05217}) 18... Qxc5 19. Ne5 Rfd8 20. f4 Nf6 21. g4 Rac8 22. Bc1 Qb4 23. c4 Nh7 $2 (23... Rxd1 $16 24. Rxd1 Bd6) 24. Rhg1 $2 (24. g5 $18) 24... Qc5 {[%emt 0:00:00] [#]} (24... Rxd1 $14 25. Rxd1 Rd8) 25. Be3 (25. Qe4 $1 $16) 25... Qc7 $14 26. b3 ({Inferior is} 26. Bxa7 b6 27. g5 hxg5 $17 (27... Qxa7 28. gxh6 Rxd1+ 29. Rxd1 $15)) 26... Bc5 (26... Rxd1+ $14 {is more appropriate.} 27. Rxd1 Nf8) 27. Qf2 ({White should try} 27. Bxc5 $16 Qxc5 28. Qf3) 27... b6 28. Bxc5 bxc5 (28... Qxc5 $14 {is superior.} 29. Rxd8+ Rxd8 30. Qxc5 bxc5) 29. Qe3 $16 f6 30. Nd3 (30. Ng6 $142 Kf7 31. Qf3) 30... Rd6 31. Nf2 Rcd8 32. Rxd6 Rxd6 33. Ne4 (33. Nd3 $16) 33... Rd4 $14 34. g5 Qc6 $2 (34... hxg5 $1 $11 {and Black has nothing to worry.} 35. fxg5 f5) 35. Re1 $2 (35. Nxf6+ $18 Nxf6 (35... gxf6 $2 {is the wrong capture.} 36. gxh6+ Kf8 37. Qg3 $18) 36. gxf6) 35... hxg5 $11 36. fxg5 f5 37. Nxc5 Qxc5 38. Qxe6+ Kh8 39. h6 Re4 ({Stronger than} 39... Nxg5 40. Qg6) 40. hxg7+ Kxg7 41. Qh6+ Kg8 42. Rh1 Qe7 43. Qg6+ Kh8 44. Qxf5 Re5 45. Qf6+ Qxf6 46. gxf6 Rf5 47. Re1 Nxf6 48. Re7 a5 49. Kb2 Kg8 50. Rb7 Kf8 51. Ka3 Ne4 52. Rb5 Rf2 53. Rxa5 Nc3 54. Kb4 Nxa2+ 55. Kb5 Ke7 56. Ra7+ Kd8 57. c5 Rb2 58. Kc4 Kc8 59. Rh7 Kb8 60. Rg7 Rh2 61. Kb5 Nc3+ 62. Kc4 Ne4 63. b4 Nf6 64. Kb5 Rb2 65. c6 Rc2 66. Rf7 Nd5 67. Rd7 Nc7+ 68. Kb6 $1 Na8+ 69. Kb5 Kc8 70. Rh7 $1 Nc7+ 71. Kb6 Nd5+ 72. Kb5 Nc7+ 1/2-1/2

[Event "4NCL 2nd Div 2023-24"]
[Site "Daventry"]
[Date "2024.05.06"]
[Round "11.11"]
[White "Pigott, John C"]
[Black "Nicholas, Koichi B"]
[Result "1/2-1/2"]
[ECO "C77"]
[WhiteElo "2299"]
[BlackElo "2145"]
[Annotator "TA"]
[PlyCount "103"]
[EventDate "2023.11.11"]
[EventType "team-tourn"]
[EventCountry "ENG"]
[SourceTitle "playchess.com"]
[Source "ChessBase"]
[SourceQuality "1"]
[TimeControl "40/6000+30:3000+30"]

1. e4 e5 2. Nf3 Nc6 3. Bb5 a6 4. Ba4 Nf6 5. d3 Bd6 6. c3 O-O 7. Nbd2 b5 {[%emt 0:06:09] Wards off Nc4} 8. Bc2 Re8 {[%emt 0:06:05] The position is equal.} 9. d4 exd4 10. cxd4 Bb4 (10... Nb4 $1 $11 {keeps the balance.}) 11. O-O $1 $16 Bxd2 12. Qxd2 ({Only move:} 12. Bxd2 $16 {And now e5 would win.} Nxe4 13. Bxe4 Rxe4 14. Ng5 Rxd4 15. Qh5) 12... Nxe4 $15 13. Qf4 d5 14. Re1 f5 (14... f6 $15) 15. Be3 $11 Be6 16. Rac1 g5 17. Nxg5 Qxg5 18. Bxe4 (18. Qxg5+ Nxg5 19. Bxg5 Nxd4 $16) 18... Qxf4 19. Bxf4 Nxd4 20. Bd3 {[%emt 0:00:24][%cal Of4e5] A strong pair of Bishops. Black is weak on the dark squares} Bd7 ({Don't go for} 20... c6 $2 21. Be5 c5 22. Rxc5 $18) 21. Be5 Nc6 22. Bxc7 Nb4 23. Bb1 Rac8 {[%emt 0:00:33] Strongly threatening ...Rxe1+.} 24. Bd6 Rxc1 25. Rxc1 Nc6 26. Kf1 {[%emt 0:00:55] Dodges Re2} Kf7 27. f3 Kf6 28. a3 Rc8 29. Kf2 Be6 30. Ke3 {[%emt 0:04:08] White is much more active.} Na5 (30... Bd7 $16 {was worth a try.} 31. Kf4 h6) 31. Rxc8 $18 Bxc8 {[%emt 0:00:04][%mdl 4096] Endgame. KBB-KBN} 32. Kf4 Nc4 (32... Nc6 $142 33. g4 fxg4) 33. Bc5 h5 34. Bd4+ Kg6 35. g4 hxg4 (35... Nd2 $142) 36. fxg4 Nd6 37. h4 Ne4 (37... Kh6 $142 38. gxf5 (38. Bxf5 Nxf5 39. gxf5 Kh7 $18) 38... Bd7) 38. gxf5+ Kh5 39. Bxe4 dxe4 {[%emt 0:00:04] KB-KB} 40. f6 {[%emt 0:00:48] White threatens f7 and mate.} Be6 41. Kxe4 $2 (41. Ke5 Bb3 42. Kd6 (42. Kxe4 Kxh4 43. Bc3 Kg5 $14)) 41... Kxh4 42. Ke5 Bc4 {[%emt 0:09:23] [#]} (42... Bb3 43. Kd6 Kg5) 43. Kd6 $1 Kg5 44. Kc5 Kg6 {[%emt 0:03:34] [#]} 45. Kb6 $1 Kf7 46. b4 $2 (46. Kxa6 $18 {and the rest is easy.} Ke6 47. b3 Bxb3 48. Kxb5) 46... Bb3 $16 {[%emt 0:00:51] White is better.} 47. Kxa6 Ba4 48. Kb6 Ke6 49. Kc6 Kf7 50. Kd6 Bb3 51. Ke5 Ba4 52. Kd6 {[%emt 0:04:50] Weighted Error Value: White=0.41/Black=0.28 (precise) .  Mistake:       	White=2     	Black=7      Inaccurate:     	---       	Black=4      OK:         	White=16    	Black=12     Best:        	White=2     	Black=2      Strong:       	White=2     	---} ({White should try} 52. Bc3 $16) 1/2-1/2

[Event "4NCL 2nd Div 2023-24"]
[Site "Daventry"]
[Date "2024.05.06"]
[Round "11.12"]
[White "Shepherd, Tom"]
[Black "Rogers, Jonathan W"]
[Result "1/2-1/2"]
[ECO "D08"]
[WhiteElo "1918"]
[BlackElo "2332"]
[Annotator "TA"]
[PlyCount "84"]
[EventDate "2023.11.11"]
[EventType "team-tourn"]
[EventCountry "ENG"]
[SourceTitle "playchess.com"]
[Source "ChessBase"]
[SourceQuality "1"]
[TimeControl "40/6000+30:3000+30"]

1. d4 d5 2. c4 e5 3. cxd5 Qxd5 4. Nc3 Qxd4 5. Qxd4 exd4 6. Nb5 Na6 7. Nxd4 Nf6 8. a3 {[%emt 0:07:50] Inhibits Bb4+.} Nc5 9. Ngf3 a5 10. e3 c6 11. Bc4 Bd6 12. O-O O-O 13. Rd1 Bc7 14. Bd2 Nfe4 15. Be1 Nd6 16. Be2 Bg4 17. h3 Bh5 (17... Bc8 $11) 18. Rac1 Nce4 19. g4 Bg6 20. Ne5 Rfe8 21. Nxg6 hxg6 22. Kg2 Bb6 23. b4 axb4 24. axb4 (24. Bxb4 c5 25. Nb5 Nxb5 26. Bxb5 cxb4) 24... Ra2 {[%emt 0:00:20] [#] ...Bxd4 would now be deadly.} 25. Rc2 Rea8 26. Rdc1 (26. Rxa2 $14 Rxa2 27. Kf1) 26... Bxd4 $11 27. exd4 Rxc2 28. Rxc2 Ra1 29. f3 (29. Bd2 $11) 29... Rxe1 $15 30. fxe4 Nxe4 {[%emt 0:00:07][%mdl 4096] Endgame. KRB-KRN} 31. Bf3 f5 ({Black should play} 31... Nd6 $17 {Strongly threatening ...Rb1.} 32. d5 cxd5) 32. b5 $11 cxb5 33. Rc7 Rb1 34. Bxe4 $1 {[%emt 0:03:09] The position is equal.} fxe4 35. Rxb7 {[%emt 0:01:28] KR-KR} Rd1 36. Rxb5 Rxd4 37. Kg3 Rd3+ 38. Kf4 Rxh3 39. Kxe4 Kh7 40. g5 Rh1 41. Kf4 Rf1+ 42. Kg4 Rg1+ {[%emt 0:00:10] Weighted Error Value: White=0.09 (flawless) /Black=0.10 (very precise) .  Mistake:       	White=2     	Black=2      Inaccurate:     	White=1     	Black=4      OK:         	White=16    	Black=14     Best:        	White=1     	Black=3      Strong:       	White=1     	---} 1/2-1/2

[Event "4NCL 2nd Div 2023-24"]
[Site "Daventry"]
[Date "2024.05.06"]
[Round "11.13"]
[White "Sowray, Peter J"]
[Black "Waller, Dan"]
[Result "1/2-1/2"]
[ECO "A11"]
[WhiteElo "2206"]
[BlackElo "2094"]
[Annotator "RC"]
[PlyCount "88"]
[EventDate "2023.11.11"]
[EventType "team-tourn"]
[EventCountry "ENG"]
[SourceTitle "playchess.com"]
[Source "ChessBase"]
[SourceQuality "1"]
[TimeControl "40/6000+30:3000+30"]

1. c4 Nf6 2. Nf3 c6 3. g3 d5 4. Bg2 Bf5 5. Qb3 Qb6 6. d3 e6 7. Be3 Qc7 8. Nc3 Nbd7 9. cxd5 exd5 10. O-O Nc5 11. Qc2 Ne6 12. Rac1 Bd6 13. Nd4 Nxd4 14. Bxd4 Qe7 15. a3 O-O 16. Na4 Rac8 17. b4 Rfd8 18. Qb2 Ne8 19. Rfe1 f6 20. e4 dxe4 21. dxe4 Bg6 22. f4 Bb8 23. Nc5 b6 24. Na6 c5 25. bxc5 bxc5 26. Bxc5 Bd6 27. Qf2 Bf7 28. e5 Bxc5 29. Nxc5 fxe5 30. fxe5 Bd5 31. e6 Bxg2 32. Kxg2 Nf6 33. Rc2 Rc6 34. Rec1 Rdc8 35. h3 Qd6 36. Kh2 h5 37. Nd7 Qxe6 38. Rxc6 Rxc6 39. Rxc6 Qxc6 40. Nxf6+ Qxf6 41. Qxa7 Qb2+ 42. Kg1 Qc1+ 43. Kf2 Qd2+ 44. Kf3 Qd1+ 1/2-1/2

[Event "4NCL 2nd Div 2023-24"]
[Site "Daventry"]
[Date "2024.05.06"]
[Round "11.14"]
[White "Skettos, Nicolas"]
[Black "Pert, Max"]
[Result "0-1"]
[ECO "B15"]
[WhiteElo "2014"]
[BlackElo "2010"]
[Annotator "NA RC"]
[PlyCount "82"]
[EventDate "2023.11.11"]
[EventType "team-tourn"]
[EventCountry "ENG"]
[SourceTitle "playchess.com"]
[Source "ChessBase"]
[SourceQuality "1"]
[TimeControl "40/6000+30:3000+30"]

1. e4 c6 2. d4 d5 3. Nd2 dxe4 4. Nxe4 Nf6 5. Nxf6+ exf6 6. c3 Bf5 7. Bf4 Bd6 8. Bxd6 Qxd6 9. Qf3 Qe6+ 10. Qe3 O-O 11. Qxe6 fxe6 12. Bc4 Nd7 13. Ne2 Rfe8 14. Ng3 Bg6 15. O-O b5 16. Bb3 c5 17. Rfe1 c4 18. Bd1 Nb6 19. Bf3 Rac8 20. Bb7 Rc7 21. Ba6 Nd5 22. a4 b4 23. cxb4 Nxb4 24. Bb5 Rd8 25. Rxe6 Bf7 26. Rae1 Bxe6 27. Rxe6 Kf7 28. d5 Rxd5 29. Re1 g6 30. Ne4 a6 31. Be8+ Kg7 32. Nc3 Re5 33. Rxe5 fxe5 34. a5 Rc5 35. Kf1 Rxa5 36. Ke2 Nd3 37. b4 Nxb4 38. Na4 Kf8 39. Bd7 Ke7 40. Nb6 Nd5 41. Nxd5+ Rxd5 0-1

[Event "4NCL 2nd Div 2023-24"]
[Site "Daventry"]
[Date "2024.05.06"]
[Round "11.15"]
[White "Brett, Andrew R"]
[Black "Handley, Michael R"]
[Result "1/2-1/2"]
[ECO "D85"]
[WhiteElo "2044"]
[BlackElo "2004"]
[Annotator "NA RC"]
[PlyCount "63"]
[EventDate "2023.11.11"]
[EventType "team-tourn"]
[EventCountry "ENG"]
[SourceTitle "playchess.com"]
[Source "ChessBase"]
[SourceQuality "1"]
[TimeControl "40/6000+30:3000+30"]

1. d4 Nf6 2. c4 g6 3. Nc3 d5 4. cxd5 Nxd5 5. e4 Nxc3 6. bxc3 Bg7 7. Nf3 c5 8. Bb5+ {[%emt 0:00:15] 8.Be3 is the recent fashion.} Nc6 9. O-O O-O {[%emt 0:02:25] D85: Exchange Grünfeld: Unusual White 7th moves and lines with 7 Nf3.} 10. d5 Na5 11. Be3 a6 12. Be2 Qc7 13. Qd2 $146 ({Predecessor:} 13. h3 b5 14. Qd2 e5 15. Rfd1 Qd6 16. Ne1 Bd7 17. f3 Rab8 18. Rab1 f5 19. Rb2 {1-0 Esipenko,A (2286)-Yeletsky,I (2209) RUS-chT U20 Kolomna 2014 (5)}) 13... b5 14. Bh6 Bg4 15. Bxg7 Kxg7 16. Rad1 Bxf3 17. Bxf3 Nc4 18. Qc2 e5 19. dxe6 fxe6 20. Be2 Nb6 21. Qd2 Rad8 22. Qe3 e5 23. g3 Na4 24. h4 Rxd1 25. Rxd1 $11 Rd8 26. h5 Rxd1+ 27. Bxd1 Nb2 28. Bg4 Qd6 29. Be2 Nc4 30. h6+ Kf7 31. Qf3+ Ke7 32. Bxc4 1/2-1/2

[Event "4NCL 2nd Div 2023-24"]
[Site "Daventry"]
[Date "2024.05.06"]
[Round "11.16"]
[White "Frank, Tena"]
[Black "Oh, Julie"]
[Result "1-0"]
[ECO "D35"]
[WhiteElo "1956"]
[BlackElo "1618"]
[Annotator "NA RC"]
[PlyCount "63"]
[EventDate "2023.11.11"]
[EventType "team-tourn"]
[EventCountry "ENG"]
[SourceTitle "playchess.com"]
[Source "ChessBase"]
[SourceQuality "1"]
[TimeControl "40/6000+30:3000+30"]

1. d4 d5 2. c4 e6 3. Nc3 Nf6 4. cxd5 exd5 5. Bg5 Nbd7 6. e3 c6 7. Bd3 Be7 8. Nf3 Ne4 9. Bf4 Bb4 10. Qc2 Ndf6 11. O-O Bxc3 12. bxc3 $16 O-O 13. c4 Re8 14. a4 h6 15. a5 Nh5 16. Be5 Ng5 17. Nxg5 Qxg5 18. f4 Qh4 19. cxd5 f6 20. Bg6 Re7 21. d6 Rd7 22. Qc4+ Kh8 23. Qe6 Rd8 24. Qe7 Bd7 25. f5 Qe4 26. Bf4 Qxe7 27. dxe7 Re8 28. Bd6 Rxe7 29. Bxe7 Be8 30. g4 Bxg6 31. fxg6 Ng3 32. hxg3 1-0